 Dungeon Crawl Stone Soup version 0.18.1-8-gdd0e5ea (webtiles) character file.

437 Gargoyl the Skirmisher (level 6, -4/55 HPs)
             Began as a Demonspawn Abyssal Knight on June 8, 2016.
             Was a Priest of Lugonu.
             Killed by nerve-wracking pain
             ... invoked by Grinder
              (14 damage)
             ... on level 3 of the Dungeon.
             The game lasted 00:08:12 (3326 turns).

Gargoyl the Skirmisher (Demonspawn Abyssal Knight)  Turns: 3326, Time: 00:08:12

Health: -4/55      AC: 14    Str: 17    XL:     6   Next: 69%
Magic:  8/8        EV:  3    Int: 13    God:    Lugonu [***...]
Gold:   164        SH: 11    Dex: 14    Spells: 0 memorised, 5 levels left

rFire  . . .     SeeInvis .     a - +2 hand axe
rCold  + . .     Gourm    .     n - +0 plate armour
rNeg   . . .     Faith    .     v - +0 shield (curse)
rPois  .         Spirit   .     (no helmet)
rElec  +         Dismiss  .     u - +1 cloak
rCorr  .         Reflect  +     (no gloves)
SustAt .         Harm     .     (no boots)
MR     .....                    k - +3 amulet of reflection
Stlth  ..........               (no ring)
                                s - ring of stealth

@: not resistant to hostile enchantments, extremely unstealthy
A: talons 2, icy blue scales 1, agile 1, cold resistance 1, robust 1,
electricity resistance, strong 1, rot immunity
a: Depart the Abyss, Bend Space, Banish, Renounce Religion


You were on level 3 of the Dungeon.
You worshipped Lugonu.
Lugonu was most pleased with you.
You were not hungry.

You visited 1 branch of the dungeon, and saw 3 of its levels.
You visited the Abyss 1 time.

You collected 164 gold pieces.

Inventory:

Hand Weapons
 a - a +2 hand axe (weapon)
 h - a cursed +0 spear
Armour
 b - a +1 shield of protection
 n - a +0 plate armour (worn)
 u - a +1 cloak (worn)
 v - a cursed +0 shield (worn)
Jewellery
 k - a +3 amulet of reflection (around neck)
 s - a ring of stealth (left hand)
Scrolls
 f - 3 scrolls of amnesia
 g - 2 scrolls of enchant weapon
Comestibles
 c - 5 bread rations
 d - a chunk of flesh
 i - a meat ration


   Skills:
 + Level 4.9 Fighting
 + Level 3.3 Axes
 * Level 3.3 Armour
 + Level 1.7 Dodging
 + Level 0.2 Stealth
 + Level 1.2 Shields
 + Level 3.7 Invocations


You had 5 spell levels left.
You didn't know any spells.

Dungeon Overview and Level Annotations

Branches:
Dungeon (3/15)

Altars:
Pakellas

Annotations:
D:3 Grinder


Innate Abilities, Weirdness & Mutations

You have razor-sharp toenails.
You are partially covered in icy blue scales (AC +1).
Your flesh is cold resistant.
You are immune to rotting.
You are agile. (Dex +2)
You are robust (+10% HP).
You are resistant to electric shocks.
Your muscles are strong. (Str +2)


Message History

* * * LOW HITPOINT WARNING * * *
You writhe in agony.
* * * LOW HITPOINT WARNING * * *
Your plate armour prevents you from hitting Grinder.
Grinder is almost dead.
Grinder blinks!
Grinder says, "You look like you could use a good racking."
You barely miss Grinder.
Grinder is almost dead.
You block Grinder's attack.
Grinder says, "Just stop there for a second..."
Grinder gestures at you. Pain shoots through your body!
* * * LOW HITPOINT WARNING * * *
Your shield and plate armour prevent you from hitting Grinder.
You claw Grinder, but do no damage.
Grinder is almost dead.
Grinder gestures at you. Pain shoots through your body!
You die...

### .. .# #######.#
####<()...(#
+...[.....#######..
#########...?......
#.....5@....###
#..........$#
#...........#
#...........#
#...........#
######'#.####
#.#..# #.##.##
#.##..##.


You could see Grinder.

Vanquished Creatures
  A golden eye (Abyss:2)
  An ogre (D:2)
  An orc priest (D:2)
  An orc wizard (D:3)
  A gnoll (D:1)
  7 adders
  A worm (D:2)
  4 dart slugs
  4 giant geckos
  9 orcs
  2 ball pythons
  3 giant cockroaches
  5 goblins
  12 hobgoblins
  3 quokkas (D:2)
  A bat (D:2)
  4 giant newts
  9 kobolds
  6 rats
75 creatures vanquished.

Vanquished Creatures (others)
  2 starspawn tentacles (Abyss:2)
  4 starspawn tentacle segments (Abyss:2)
6 creatures vanquished.

Grand Total: 81 creatures vanquished

Notes
Turn   | Place    | Note
--------------------------------------------------------------
     0 | Abyss:1  | Gargoyl the Demonspawn Abyssal Knight began the quest for the Orb.
     0 | Abyss:1  | Reached XP level 1. HP: 18/18 MP: 2/2
    12 | Abyss:1  | Found a corrupted altar of Lugonu.
    62 | Abyss:2  | Found a corrupted altar of Lugonu.
    77 | Abyss:2  | Noticed a tentacled starspawn
   102 | Abyss:2  | Noticed a golden eye
   113 | Abyss:2  | Killed a golden eye
   113 | Abyss:2  | Reached skill level 4 in Fighting
   113 | Abyss:2  | Reached skill level 1 in Dodging
   113 | Abyss:2  | Gained mutation: You are partially covered in icy blue scales (AC +1). [demonic ancestry]
   113 | Abyss:2  | Reached XP level 2. HP: 26/26 MP: 2/4
   113 | Abyss:2  | Reached XP level 3. HP: 31/31 MP: 2/5
   113 | Abyss:2  | Gained mutation: Your flesh is cold resistant. [demonic ancestry]
   113 | Abyss:2  | Reached XP level 4. HP: 38/38 MP: 2/6
   115 | Abyss:2  | Noticed a large abomination
   115 | D:1      | Escaped the Abyss
   235 | D:1      | Gained mutation: You have sharp toenails. [demonic ancestry]
   235 | D:1      | Reached XP level 5. HP: 39/43 MP: 7/7
   967 | D:1      | Reached ** piety under Lugonu
  2078 | D:2      | Gained mutation: You are immune to rotting. [demonic ancestry]
  2078 | D:2      | Reached XP level 6. HP: 50/50 MP: 8/8
  2537 | D:3      | Reached *** piety under Lugonu
  2537 | D:3      | Reached skill level 1 in Shields
  2677 | D:3      | Found an oddly glowing altar of Pakellas.
  2698 | D:3      | Noticed Grinder
  2706 | D:3      | Paralysed by Grinder for 6 turns
  2717 | D:3      | Gained mutation: You are robust (+10% HP). [potion of mutation]
  2717 | D:3      | Gained mutation: You are agile. (Dex +2) [potion of mutation]
  2717 | D:3      | Gained mutation: Your muscles are strong. (Str +2) [potion of mutation]
  2718 | D:3      | Gained mutation: You are resistant to electric shocks. [potion of beneficial mutation]
  2719 | D:3      | Paralysed by Grinder for 6 turns
  2726 | D:3      | Gained mutation: You have razor-sharp toenails. [potion of beneficial mutation]
  3153 | D:3      | Paralysed by Grinder for 3 turns
  3302 | D:3      | Paralysed by Grinder for 3 turns
  3326 | D:3      | Killed from afar by Grinder

Skill      XL: |  1  2  3  4  5  6 |
---------------+-------------------+-----
Fighting       | 4 |  4.9
Axes           | 2 3 |  3.3
Armour         | 2 3 |  3.3
Dodging        | 1 |  1.7
Invocations    | 3 |  3.7
Shields        | 1 |  1.2
Stealth        | |  0.2

Action                   |  1- 3 |  4- 6 || total
-------------------------+-------+-------++-------
Melee: Hand axe          |     4 |   311 ||   315
       Kick              |       |    77 ||    77
Invok: Banish            |       |     1 ||     1
  Use: Scroll            |       |     8 ||     8
       Potion            |       |     5 ||     5
  Eat: Fruit             |       |     8 ||     8
       Chunk             |       |     2 ||     2
Armor: Leather armour    |       |    16 ||    16
       Plate armour      |       |   127 ||   127
Dodge: Dodged            |       |    69 ||    69
Block: Shield            |       |   128 ||   128
       Reflection        |       |     4 ||     4
       Other             |       |     1 ||     1
